 Dungeon Crawl Stone Soup version 0.28.0-43-g3370ac3207 (webtiles) character file.

Game seed: 13346512455216931474

6 Ablot the Grasshopper (level 1, 0/20 HPs)
             Began as a Gnoll Warper on Mar 14, 2022.
             Slain by an adder (4 damage)
             ... on level 2 of the Dungeon.
             The game lasted 00:00:39 (1010 turns).

Ablot the Grasshopper (Gnoll Warper)                Turns: 1010, Time: 00:00:40

Health: 0/20       AC:  3    Str: 10    XL:     1   Next: 90%
Magic:  6/6        EV: 12    Int: 12    God:
Gold:   65         SH:  0    Dex: 11    Spells: 9/9 levels left

rFire   . . .      SeeInvis .   k - +4 dagger
rCold   . . .      Faith    .   (no shield)
rNeg    . . .      Spirit   .   b - +0 leather armour
rPois   .          Reflect  .   (no helmet)
rElec   .          Harm     .   (no cloak)
rCorr   .          Rampage  .   (no gloves)
Will    .....                   (no boots)
Stlth   +.........              (no amulet)
HPRegen 0.06/turn               (no ring)
MPRegen 0.10/turn               (no ring)

@: lethally poisoned (0 -> -2)
A: fangs 1, strong nose, distributed training
a: no special abilities


You were on level 2 of the Dungeon.
You visited 1 branch of the dungeon, and saw 2 of its levels.

You collected 65 gold pieces.

Inventory:

Hand Weapons
 a - a +0 spear
 k - a +4 dagger (weapon)
Missiles
 d - 5 boomerangs of dispersal (quivered)
 g - 6 atropa-tipped darts
 h - 22 bolts
 j - 38 stones
Armour
 b - a +0 leather armour (worn)
Scrolls
 c - a scroll of blinking
 e - a scroll of vulnerability {unknown}
 i - a scroll of identify {unknown}
 l - 2 scrolls of magic mapping {unknown}
Potions
 f - a potion of berserk rage {unknown}


   Skills:
 + Level 4.4 Fighting
 + Level 0.2 Short Blades
 + Level 0.2 Long Blades
 + Level 0.2 Axes
 + Level 0.2 Maces & Flails
 + Level 4.4 Polearms
 + Level 0.2 Staves
 + Level 0.2 Slings
 + Level 0.2 Bows
 + Level 0.2 Crossbows
 + Level 2.4 Throwing
 + Level 2.4 Armour
 + Level 4.4 Dodging
 + Level 0.2 Stealth
 + Level 0.2 Shields
 + Level 0.2 Unarmed Combat
 + Level 4.9 Spellcasting
 + Level 0.1 Conjurations
 + Level 0.1 Hexes
 + Level 0.1 Summonings
 + Level 0.1 Necromancy
 + Level 5.3 Translocations
 + Level 0.1 Transmutations
 + Level 0.1 Fire Magic
 + Level 0.1 Ice Magic
 + Level 0.1 Air Magic
 + Level 0.1 Earth Magic
 + Level 0.1 Poison Magic
 + Level 0.3 Invocations
 + Level 0.2 Evocations


You had 9 spell levels left.
You didn't know any spells.
Your spell library contained the following spells:

 Spells                   Type           Power      Damage    Failure   Level
 Blink                    Tloc           30%        N/A       4%          2
 Gell's Gravitas          Tloc           15%        N/A       9%          3
 Lesser Beckoning         Tloc           15%        N/A       9%          3
 Teleport Other           Tloc           15%        N/A       9%          3
 Manifold Assault         Tloc           15%        N/A       63%         5


Dungeon Overview and Level Annotations

Branches:
Dungeon (2/15)

Altars:


Innate Abilities, Weirdness & Mutations

You have very sharp teeth.
Your uncanny sense of smell can sniff out nearby items.
Your experience applies equally to all skills.


Message History

There is a stone staircase leading down here.
HP restored.
There is an escape hatch in the floor here.
There is a stone staircase leading down here.
You climb downwards.
There is a stone staircase leading up here.
You climb upwards.
There is a stone staircase leading down here.
There is a stone staircase leading down here.
You climb downwards.
There is a stone staircase leading up here.
Found a hunting sling.
You now have 65 gold pieces (gained 6).
An adder and a ball python come into view.
The adder hisses angrily.
The ball python hisses angrily.
You hit the adder.
The adder is heavily wounded.
The adder bites you.
You miss the adder. You punch the adder. Your bite misses the adder.
The adder is heavily wounded.
An endoplasm comes into view.
The adder closely misses you. The ball python barely misses you.
The ball python closely misses you.
The endoplasm quivers.
You hit the adder.
The adder is severely wounded.
The adder bites you.
You are poisoned.
The adder poisons you! The ball python bites you. The ball python grabs you.
The ball python constricts you.
You escape the ball python's grasp.
You feel sick.
You feel sick. The adder completely misses you.
You hit the adder but do no damage.
The adder is severely wounded.
You feel sick. The adder bites you.
* * * LOW HITPOINT WARNING * * *
You hit the adder but do no damage.
The adder is severely wounded.
You feel sick. The adder bites you.
You die...

#.. #..# #...#..# .
#...#..# #.##.# .#
..#...#..###
##.##.###)#
...J....... .........#
#......# ..........
#.....S# #.##.##...
##...#S# #.##.##..#
#...#@#######.##.##..#
.....
#...#.................
.....
#...#..######.##.##..#
....# #...#..#
#.##.##..# #...#
#...#..# #.##.##..#
#...# #...#..#
♣.##.##..# ....# ....
..##.##..# #...####...
....# ♣###.##..#
#..<......# .##.#
#.##..#


You could see an adder and a ball python.

Vanquished Creatures
  A goblin (D:1)
  3 hobgoblins
  A rat (D:1)
5 creatures vanquished.

Notes
Turn   | Place    | Note
-------+----------+-------------------------------------------
     0 | D:1      | Ablot the Gnoll Warper began the quest for the Orb.
     0 | D:1      | Reached XP level 1. HP: 20/20 MP: 6/6
  1010 | D:2      | Slain by an adder

Illustrated notes

Levels and vault maps discovered:
D:1:      matt_arrival_spirals, layout_basic
D:2:      layout_basic, serial_forest, infiniplex_forest_zigzag_1,
          infiniplex_forest_lined_1, infiniplex_forest_clump_diagonal,
          infiniplex_forest_lined_3_way, infiniplex_forest_end_3,
          infiniplex_forest_straight_3, infiniplex_forest_diagonal,
          infiniplex_forest_straight_2, infiniplex_forest_straight_2,
          minmay_pentomino_r2

Action                   || total
-------------------------++-------
Melee: Dagger            ||    12
       Spear             ||     3
       Punch             ||     2
Armor: Leather armour    ||     1
Dodge: Dodged            ||     5
